 Dungeon Crawl Stone Soup version 0.27-a0-972-gd1521fd518 (webtiles) character file.

Game seed: 17927882044350652751

35 Anon1729 the Chopper (level 3, -4/33 HPs)
             Began as a Hill Orc Fighter on Apr 13, 2021.
             Was a Follower of Wu Jian.
             Slain by Terence
             ... wielding a +1 vorpal trident
              (9 damage)
             ... on level 2 of the Dungeon.
             The game lasted 00:01:54 (1839 turns).

Anon1729 the Chopper (Hill Orc Fighter)             Turns: 1839, Time: 00:01:54

Health: -4/33      AC:  6    Str: 19    XL:     3   Next: 33%
Magic:  3/3        EV:  7    Int:  8    God:    Wu Jian [*.....]
Gold:   34         SH:  9    Dex: 10    Spells: 2/2 levels left

rFire    . . .     SeeInvis .   a - +0 war axe
rCold    . . .     Faith    .   c - +0 kite shield
rNeg     . . .     Spirit   .   b - +0 scale mail
rPois    .         Reflect  .   (no helmet)
rElec    .         Harm     .   (no cloak)
rCorr    .         Rampage  .   (no gloves)
Will     .....                  (no boots)
Stlth    ..........             (no amulet)
HPRegen  0.11/turn              (no ring)
MPRegen  0.08/turn              (no ring)

@: no status effects
A: no striking features
a: Renounce Religion


You were on level 2 of the Dungeon.
You worshipped Wu Jian.
Wu Jian was aware of your devotion.
You visited 1 branch of the dungeon, and saw 2 of its levels.

You collected 34 gold pieces.

Inventory:

Hand Weapons
 a - a +0 war axe (weapon)
Armour
 b - a +0 scale mail (worn)
 c - a +0 kite shield (worn)
 g - a +0 tower shield
Scrolls
 e - a scroll of identify {unknown}
 f - a scroll of teleportation {unknown}
Potions
 d - 3 potions of might


   Skills:
 - Level 3.8 Fighting
 + Level 4.1 Axes
 - Level 3.5 Armour
 - Level 3.5 Shields


You had 2 spell levels left.
You didn't know any spells.
Your spell library contained the following spells:

 Spells                   Type           Power      Damage    Failure   Level
 Confusing Touch          Hex            0%         N/A       100%        3
 Gell's Gravitas          Tloc           0%         N/A       100%        3
 Petrify                  Tmut/Erth      0%         N/A       100%        4
 Metabolic Englaciation   Hex/Ice        0%         N/A       100%        5
 Yara's Violent Unravell  Hex/Tmut       0%         3d3       100%        5


Dungeon Overview and Level Annotations

Branches:
Dungeon (2/15)

Altars:
Wu Jian

Annotations:
D:2 Terence


Message History

You are too injured to fight recklessly!
You are too injured to fight recklessly!
You are too injured to fight recklessly!
You are too injured to fight recklessly!
You are too injured to fight recklessly!
You are too injured to fight recklessly!
You are too injured to fight recklessly!
You are too injured to fight recklessly!
You are too injured to fight recklessly!
You hit Terence but do no damage.
Terence is almost dead.
You block Terence's attack. Terence hits you but does no damage.
You barely miss Terence.
Terence is almost dead.
You block Terence's attack.
You completely miss Terence.
Terence is almost dead.
Terence looks scornfully at you. Terence hits you but does no damage. x2
You hit Terence but do no damage.
Terence is severely wounded.
Terence hits you with a +1 vorpal trident.
* * * LOW HITPOINT WARNING * * *
You completely miss Terence.
Terence is severely wounded.
Terence hits you with a +1 vorpal trident.
* * * LOW HITPOINT WARNING * * *
x2 Terence barely misses you.
You hit Terence but do no damage.
Terence is severely wounded.
You block Terence's attack.
You hit Terence.
Terence is almost dead.
Terence hits you with a +1 vorpal trident.
* * * LOW HITPOINT WARNING * * *
x2 You block Terence's attack.
You block Terence's attack.
There is a stone staircase leading up here.
Terence hits you from afar with a +1 vorpal trident!
You die...

#...... #.†††..
..################..##
.................†....
####...########.##### # #..(#
##..##### #. #.@.# #..@....#
##.#######.### ####<......#
..[#.#.....>..#@#####..........#
....#.#..........##....##.......#
....................####...#.....
.........................###..###
....#.........#####......# ....
..........#.....##..####..# ...##
^.........#.###....## ##.# ##
.......@..#.# ####.....
...#......>.# ####..


You could see Terence.

Vanquished Creatures
  3 bats
  3 endoplasms
  A giant cockroach (D:1)
  5 hobgoblins
  8 jackals (D:2)
  3 ball pythons (D:1)
  2 kobolds (D:1)
  4 rats
29 creatures vanquished.

Notes
Turn   | Place    | Note
-------+----------+-------------------------------------------
     0 | D:1      | Anon1729 the Hill Orc Fighter began the quest for the Orb.
     0 | D:1      | Reached XP level 1. HP: 19/19 MP: 1/1
    35 | D:1      | Found a faded altar of an unknown god.
    50 | D:1      | Became a worshipper of the Wu Jian Council
    50 | D:1      | Reached * piety under Wu Jian
   247 | D:1      | Reached XP level 2. HP: 23/27 MP: 2/2
   323 | D:1      | Reached skill level 3 in Axes
   922 | D:2      | Noticed Terence
   939 | D:1      | Reached XP level 3. HP: 11/33 MP: 3/3
  1694 | D:2      | Reached skill level 4 in Axes
  1839 | D:2      | Slain by Terence

Illustrated notes

Levels and vault maps discovered:
D:1:      dpeg_arrival_fog, layout_basic, ebering_ecumenical_altar_mist
D:2:      layout_rooms, basic_altar, uniq_terence, uniq_jessica,
          uniq_crazy_yiuf_cottage

Skill      XL: |  1  2  3 |
---------------+----------+-----
Axes           | 3 4 |  4.1
Fighting       | |  3.8
Armour         | |  3.5
Shields        | |  3.5

Action                   || total
-------------------------++-------
Melee: War axe           ||   113
Invok: Lunge             ||     9
       Whirlwind         ||     4
Armor: Scale mail        ||    68
Dodge: Dodged            ||    42
Block: Kite shield       ||    94

Table legend: (Time is in decaauts)
 A = Elapsed time spent in this place.
 B = Non-inter-level travel time spent in this place.
 C = Inter-level travel time spent in this place.
 D = Time resting spent in this place.
 E = Time spent auto-exploring this place.
 F = Levels seen in this place.
 G = Mean time per level.
                   A        B        C        D        E       F      G
               +--------+--------+--------+--------+--------+-----+--------+
         Total |   1900 |   1767 |    133 |    827 |    637 |   2 |  950.0 |
       Dungeon |   1900 |   1767 |    133 |    827 |    637 |   2 |  950.0 |
               +--------+--------+--------+--------+--------+-----+--------+

Top non-repeatable levels by time:
     D:1: 1407 daAuts
     D:2: 493 daAuts
